TOP OF THE 1ST |
Creighton Blue Jays batting - Pitching for Cincinnati Bearcats : RHP Fernando Clark
|
Pitching: RHP Fernando Clark
|
|
Batting: LHB Marcos Torres
|
0-0: Ball 1-0: Foul Ball, location: 2F 1-1: Foul Ball, location: 2F 1-2: Strikes out swinging
|
Batting: LHB Pedro Oropesa
|
0-0: Foul Ball, location: 2F 0-1: Ball 1-1: Ball 2-1: Fly out, F5 (Popup, 5L)
|
Batting: RHB Ed Lindsey
|
0-0: Ball 1-0: Called Strike 1-1: Foul Ball, location: 2F 1-2: Foul Ball, location: 2F 1-2: Ball 2-2: Foul Ball, location: 2F 2-2: Foul Ball, location: 2F 2-2: Ball 3-2: Foul Ball, location: 2F 3-2: SINGLE (Groundball, 4MD)
|
Batting: LHB Steve Edwards
|
0-0: Foul Ball, location: 2F 0-1: Ball 1-1: Foul Ball, location: 2F 1-2: Ground out 1-3 (Groundball, 15S)
|
Top of the 1st over - 0 run(s), 1 hit(s), 0 error(s), 1 left on base; Creighton 0 - Cincinnati 0 |
BOTTOM OF THE 1ST |
Cincinnati Bearcats batting - Pitching for Creighton Blue Jays : RHP Mike Schmidt
|
Pitching: RHP Mike Schmidt
|
|
Batting: RHB Phil Poole
|
0-0: Ball 1-0: Ball 2-0: Ball 3-0: Base on Balls
|
Batting: SHB Pete Potter
|
0-0: Ball 1-0: Called Strike 1-1: Grounds into double play, 4-6-3 (Groundball, 34)
|
Batting: LHB Caleb Ruíz
|
0-0: Ball 1-0: Ball 2-0: Called Strike 2-1: Ball 3-1: Called Strike 3-2: SINGLE (Line Drive, 6MD)
|
Batting: SHB Miguel Price
|
0-0: Ball 1-0: Ball 2-0: Called Strike 2-1: Ball 3-1: Foul Ball, location: 2F 3-2: Foul Ball, location: 2F 3-2: Foul Ball, location: 2F 3-2: Base on Balls Caleb Ruíz to second
|
Batting: RHB Craig Porter
|
0-0: Called Strike 0-1: Fielders Choice at 2nd, 4-6 (Groundball, 4)
|
Bottom of the 1st over - 0 run(s), 1 hit(s), 0 error(s), 1 left on base; Creighton 0 - Cincinnati 0 |
TOP OF THE 2ND |
Creighton Blue Jays batting - Pitching for Cincinnati Bearcats : RHP Fernando Clark
|
Batting: RHB Gabriel Santana
|
0-0: Called Strike 0-1: Swinging Strike 0-2: Ball 1-2: Ball 2-2: Ball 3-2: Base on Balls
|
Batting: LHB Raúl Hernández
|
0-0: Ball 1-0: Ball 2-0: Foul Ball, location: 2F 2-1: SINGLE (Groundball, 34D) Gabriel Santana to second Runner from 2nd tries for 3rd, SAFE, throw made to third Raúl Hernández to second
|
Batting: RHB Terry Collins
|
0-0: Foul Ball, location: 2F 0-1: Ball 1-1: Foul Ball, location: 2F 1-2: Ball 2-2: Ball 3-2: Foul Ball, location: 2F 3-2: Base on Balls
|
Batting: RHB Jaime Aguirre
|
0-0: Swinging Strike 0-1: Ball 1-1: SINGLE (Groundball, 34D) Gabriel Santana scores Raúl Hernández to third Terry Collins to second
|
Batting: RHB Michael Carr
|
0-0: Ball 1-0: Called Strike 1-1: Ball 2-1: Ball 3-1: Base on Balls Raúl Hernández scores Terry Collins to third Jaime Aguirre to second
|
Batting: LHB Marcos Torres
|
0-0: Ball 1-0: Ball 2-0: Ball 3-0: Called Strike 3-1: Base on Balls Terry Collins scores Jaime Aguirre to third Michael Carr to second
|
Batting: LHB Pedro Oropesa
|
0-0: Ball 1-0: Called Strike 1-1: Ball 2-1: Ball 3-1: Base on Balls Jaime Aguirre scores Michael Carr to third Marcos Torres to second
|
Batting: RHB Ed Lindsey
|
0-0: Called Strike 0-1: Ball 1-1: Ball 2-1: SINGLE (Line Drive, 5) Michael Carr scores Marcos Torres to third Pedro Oropesa to second
|
Batting: LHB Steve Edwards
|
0-0: Foul Ball, location: 2F 0-1: Grounds into double play, 4-6-3 (Groundball, 4) Marcos Torres scores Pedro Oropesa to third
|
Batting: RHB Gabriel Santana
|
0-0: Foul Ball, location: 2F 0-1: Fly out, F6 (Popup, 6D)
|
Top of the 2nd over - 6 run(s), 3 hit(s), 0 error(s), 1 left on base; Creighton 6 - Cincinnati 0 |
BOTTOM OF THE 2ND |
Cincinnati Bearcats batting - Pitching for Creighton Blue Jays : RHP Mike Schmidt
|
Batting: RHB Ralph Summers
|
0-0: Ball 1-0: Ball 2-0: Ball 3-0: Called Strike 3-1: SINGLE (Groundball, 6M) (infield hit)
|
Batting: RHB Kevin Nelson
|
0-0: Ball 1-0: Ball Balk! Ralph Summers to second 2-0: Ball 3-0: Swinging Strike 3-1: Foul Ball, location: 2F 3-2: Foul Ball, location: 2F 3-2: Base on Balls
|
Batting: RHB Larry O'Sheill
|
0-0: Ground out 5-3 (Groundball, 56S) Ralph Summers to third Kevin Nelson to second
|
Batting: LHB Lee Price
|
0-0: Called Strike 0-1: Ball 1-1: DOUBLE (Groundball, 3L) Ralph Summers scores Kevin Nelson scores
|
Batting: RHB Phil Poole
|
0-0: Foul Ball, location: 2F 0-1: DOUBLE (Flyball, 89D) Lee Price scores
|
Batting: SHB Pete Potter
|
0-0: Ball 1-0: Called Strike 1-1: Ball 2-1: Foul Ball, location: 2F 2-2: Foul Ball, location: 2F 2-2: Foul Ball, location: 2F 2-2: Ball 3-2: Fly out, F7 (Flyball, 7S)
|
Batting: LHB Caleb Ruíz
|
0-0: Called Strike 0-1: Ball 1-1: Ball 2-1: Foul Ball, location: 2F 2-2: Ball 3-2: Foul Ball, location: 2F 3-2: Fly out, F6 (Popup, 6MD)
|
Bottom of the 2nd over - 3 run(s), 3 hit(s), 0 error(s), 1 left on base; Creighton 6 - Cincinnati 3 |
TOP OF THE 3RD |
Creighton Blue Jays batting - Pitching for Cincinnati Bearcats : RHP Fernando Clark
|
Batting: LHB Raúl Hernández
|
0-0: Foul Ball, location: 2F 0-1: Swinging Strike 0-2: Ball 1-2: Ball 2-2: Ball 3-2: Ground out 5-3 (Groundball, 56S)
|
Batting: RHB Terry Collins
|
0-0: Fly out, F9 (Flyball, 89M)
|
Batting: RHB Jaime Aguirre
|
0-0: Called Strike 0-1: Swinging Strike 0-2: Foul Ball, location: 2F 0-2: Fly out, F4 (Line Drive, 4)
|
Top of the 3rd over - 0 run(s), 0 hit(s), 0 error(s), 0 left on base; Creighton 6 - Cincinnati 3 |
BOTTOM OF THE 3RD |
Cincinnati Bearcats batting - Pitching for Creighton Blue Jays : RHP Mike Schmidt
|
Batting: SHB Miguel Price
|
0-0: Ball 1-0: Fly out, F6 (Popup, 6D)
|
Batting: RHB Craig Porter
|
0-0: Foul Ball, location: 2F 0-1: DOUBLE (Line Drive, 7)
|
Batting: RHB Ralph Summers
|
0-0: Called Strike 0-1: SINGLE (Groundball, 56D) Craig Porter to third Runner from 3rd tries for Home, SAFE, throw made home Ralph Summers to second
|
Batting: RHB Kevin Nelson
|
0-0: Called Strike 0-1: Ball 1-1: Ball 2-1: Called Strike 2-2: Foul Ball, location: 2F 2-2: Ball 3-2: Base on Balls
|
Batting: RHB Larry O'Sheill
|
0-0: Ball 1-0: Called Strike 1-1: Ball 2-1: Called Strike 2-2: Ball 3-2: Base on Balls Ralph Summers to third Kevin Nelson to second
|
Batting: LHB Lee Price
|
0-0: Called Strike 0-1: Ball 1-1: Swinging Strike 1-2: Ball 2-2: Foul Ball, location: 2F 2-2: Fly out, F8 (Line Drive, 8RM) Runner from 3rd tags up, SCORES, no throw
|
Pitching: LHP Ángel Quintana
|
|
Batting: RHB Phil Poole
|
0-0: Ball 1-0: Ball 2-0: Foul Ball, location: 2F 2-1: Ball 3-1: SINGLE (Groundball, 6M) (infield hit) Kevin Nelson to third Larry O'Sheill to second
|
Batting: SHB Pete Potter
|
0-0: Ball 1-0: Fly out, F8 (Line Drive, 8LM)
|
Bottom of the 3rd over - 2 run(s), 3 hit(s), 0 error(s), 3 left on base; Creighton 6 - Cincinnati 5 |
TOP OF THE 4TH |
Creighton Blue Jays batting - Pitching for Cincinnati Bearcats : RHP Fernando Clark
|
Batting: RHB Michael Carr
|
0-0: SINGLE (Groundball, 6D)
|
Batting: LHB Marcos Torres
|
0-0: Ball 1-0: Swinging Strike 1-1: Called Strike 1-2: Fly out, F4 (Popup, 34)
|
Pitching: RHP Casey Scott
|
|
Batting: LHB Pedro Oropesa
|
0-0: Ball 1-0: Ball 2-0: Foul Ball, location: 2F 2-1: Ball 3-1: Called Strike 3-2: Foul Ball, location: 2F 3-2: Fly out, F8 (Flyball, 78D)
|
Batting: RHB Ed Lindsey
|
0-0: Called Strike 0-1: Ball Michael Carr is caught stealing 2nd base
|
Top of the 4th over - 0 run(s), 1 hit(s), 0 error(s), 0 left on base; Creighton 6 - Cincinnati 5 |
BOTTOM OF THE 4TH |
Cincinnati Bearcats batting - Pitching for Creighton Blue Jays : LHP Ángel Quintana
|
Batting: LHB Caleb Ruíz
|
0-0: Foul Ball, location: 2F 0-1: Ball 1-1: Ball 2-1: Ball 3-1: Base on Balls
|
Batting: SHB Miguel Price
|
0-0: Swinging Strike 0-1: 2-RUN HOME RUN (Flyball, 7D), Distance : 350 ft
|
Batting: RHB Craig Porter
|
0-0: Called Strike 0-1: SINGLE (Groundball, 6MD)
|
Batting: RHB Ralph Summers
|
0-0: Ball 1-0: Ground out 6-3 (Groundball, 6MD) Craig Porter to second
|
Batting: RHB Kevin Nelson
|
0-0: Fly out, F8 (Flyball, 8LM)
|
Batting: RHB Larry O'Sheill
|
0-0: DOUBLE (Line Drive, 9LM) Craig Porter scores
|
Batting: LHB Lee Price
|
0-0: Foul Ball, location: 2F 0-1: SINGLE (Groundball, 4MD) Larry O'Sheill to third Runner from 3rd tries for Home, SAFE, no throw
|
Pitching: RHP Sergio Álvarez
|
|
Batting: RHB Phil Poole
|
0-0: Ball 1-0: Ball 2-0: Foul Ball, location: 2F 2-1: Ground out U3 (Groundball, 34S)
|
Bottom of the 4th over - 4 run(s), 4 hit(s), 0 error(s), 1 left on base; Creighton 6 - Cincinnati 9 |
TOP OF THE 5TH |
Creighton Blue Jays batting - Pitching for Cincinnati Bearcats : RHP Casey Scott
|
Batting: RHB Ed Lindsey
|
0-0: Called Strike 0-1: Called Strike 0-2: Ball 1-2: Strikes out swinging
|
Batting: LHB Steve Edwards
|
0-0: Ball 1-0: Swinging Strike 1-1: Ball 2-1: Ball 3-1: Foul Ball, location: 2F 3-2: Foul Ball, location: 2F 3-2: Foul Ball, location: 2F 3-2: Base on Balls
|
Batting: RHB Gabriel Santana
|
0-0: Called Strike 0-1: Called Strike 0-2: Ball 1-2: Strikes out swinging
|
Batting: LHB Raúl Hernández
|
0-0: Called Strike 0-1: Fielders Choice at 2nd, 6-4 (Groundball, 6)
|
Top of the 5th over - 0 run(s), 0 hit(s), 0 error(s), 0 left on base; Creighton 6 - Cincinnati 9 |
BOTTOM OF THE 5TH |
Cincinnati Bearcats batting - Pitching for Creighton Blue Jays : RHP Sergio Álvarez
|
Batting: SHB Pete Potter
|
0-0: Ball 1-0: Called Strike 1-1: Ball 2-1: Ball 3-1: Swinging Strike 3-2: Strikes out swinging
|
Batting: LHB Caleb Ruíz
|
0-0: Ball 1-0: Called Strike 1-1: Called Strike 1-2: Strikes out looking
|
Batting: SHB Miguel Price
|
0-0: Ball 1-0: Fly out, F7 (Flyball, 7S)
|
Bottom of the 5th over - 0 run(s), 0 hit(s), 0 error(s), 0 left on base; Creighton 6 - Cincinnati 9 |
TOP OF THE 6TH |
Creighton Blue Jays batting - Pitching for Cincinnati Bearcats : RHP Casey Scott
|
Batting: RHB Terry Collins
|
0-0: Called Strike 0-1: Foul Ball, location: 2F 0-2: Fly out, F9 (Flyball, 89S)
|
Batting: RHB Jaime Aguirre
|
0-0: Ball 1-0: Ground out U3 (Groundball, 3L)
|
Batting: RHB Michael Carr
|
0-0: Swinging Strike 0-1: Ball 1-1: Called Strike 1-2: SINGLE (Flyball, 8LS)
|
Batting: LHB Marcos Torres
|
0-0: Ball Michael Carr steals 2nd base 1-0: Called Strike 1-1: Ground out 4-3 (Groundball, 4D)
|
Top of the 6th over - 0 run(s), 1 hit(s), 0 error(s), 1 left on base; Creighton 6 - Cincinnati 9 |
BOTTOM OF THE 6TH |
Cincinnati Bearcats batting - Pitching for Creighton Blue Jays : RHP Sergio Álvarez
|
Batting: RHB Craig Porter
|
0-0: Foul Ball, location: 2F 0-1: Called Strike 0-2: Strikes out swinging
|
Batting: RHB Ralph Summers
|
0-0: Ball 1-0: Fly out, F7 (Flyball, 78S)
|
Batting: RHB Kevin Nelson
|
0-0: Ball 1-0: Called Strike 1-1: Foul Ball, location: 2F 1-2: Strikes out swinging
|
Bottom of the 6th over - 0 run(s), 0 hit(s), 0 error(s), 0 left on base; Creighton 6 - Cincinnati 9 |
TOP OF THE 7TH |
Creighton Blue Jays batting - Pitching for Cincinnati Bearcats : RHP Casey Scott
|
Batting: LHB Pedro Oropesa
|
0-0: Ball 1-0: Ball 2-0: Called Strike 2-1: Ball 3-1: Called Strike 3-2: Strikes out swinging
|
Batting: RHB Ed Lindsey
|
0-0: Ball 1-0: SINGLE (Line Drive, 4MD)
|
Batting: LHB Steve Edwards
|
0-0: Ball 1-0: Foul Ball, location: 2F 1-1: Called Strike Ed Lindsey steals 2nd base 1-2: Ball 2-2: Ball 3-2: Strikes out swinging
|
Batting: RHB Gabriel Santana
|
0-0: Called Strike 0-1: Ball 1-1: Ball 2-1: Called Strike 2-2: Ball 3-2: Foul Ball, location: 2F 3-2: Foul Ball, location: 2F 3-2: Base on Balls
|
Pitching: LHP Howard Collins
|
|
Batting: LHB Raúl Hernández
|
0-0: Called Strike 0-1: Foul Ball, location: 2F 0-2: Reached on error, E5 (Groundball, 5) Ed Lindsey to third Gabriel Santana to second
|
Batting: RHB Terry Collins
|
0-0: Foul Ball, location: 2F 0-1: Called Strike 0-2: Foul Ball, location: 2F 0-2: Strikes out looking
|
Top of the 7th over - 0 run(s), 1 hit(s), 1 error(s), 3 left on base; Creighton 6 - Cincinnati 9 |
BOTTOM OF THE 7TH |
Cincinnati Bearcats batting - Pitching for Creighton Blue Jays : RHP Sergio Álvarez
|
Batting: RHB Larry O'Sheill
|
0-0: Fly out, F9 (Flyball, 9S)
|
Batting: LHB Lee Price
|
0-0: Called Strike 0-1: Ball 1-1: Ground out 1-3 (Groundball, P)
|
Batting: RHB Phil Poole
|
0-0: Called Strike 0-1: Ball 1-1: Foul Ball, location: 2F 1-2: Ball 2-2: Foul Ball, location: 2F 2-2: Ground out 5-3 (Groundball, 5L)
|
Bottom of the 7th over - 0 run(s), 0 hit(s), 0 error(s), 0 left on base; Creighton 6 - Cincinnati 9 |
TOP OF THE 8TH |
Creighton Blue Jays batting - Pitching for Cincinnati Bearcats : LHP Howard Collins
|
Batting: RHB Jaime Aguirre
|
0-0: Ball 1-0: Swinging Strike 1-1: Ball 2-1: Swinging Strike 2-2: Strikes out swinging
|
Pitching: LHP Oscar Trottier
|
|
Batting: RHB Michael Carr
|
0-0: Called Strike 0-1: Called Strike 0-2: Strikes out looking
|
Batting: LHB Marcos Torres
|
0-0: Ball 1-0: Ground out 4-3 (Groundball, 4)
|
Top of the 8th over - 0 run(s), 0 hit(s), 0 error(s), 0 left on base; Creighton 6 - Cincinnati 9 |
BOTTOM OF THE 8TH |
Cincinnati Bearcats batting - Pitching for Creighton Blue Jays : RHP Sergio Álvarez
|
Batting: SHB Pete Potter
|
0-0: Foul Ball, location: 2F 0-1: Ball 1-1: Foul Ball, location: 2F 1-2: Foul Ball, location: 2F 1-2: Foul Ball, location: 2F 1-2: SINGLE (Flyball, 8RS)
|
Batting: LHB Caleb Ruíz
|
0-0: Called Strike 0-1: Ball 1-1: Foul Ball, location: 2F 1-2: Ball 2-2: Ball 3-2: Foul Ball, location: 2F 3-2: Base on Balls Pete Potter to second
|
Batting: SHB Miguel Price
|
0-0: Called Strike 0-1: Swinging Strike 0-2: Ball 1-2: Foul Ball, location: 2F 1-2: Ball 2-2: Strikes out swinging
|
Pitching: RHP George Williams
|
|
Batting: RHB Craig Porter
|
0-0: Called Strike 0-1: SINGLE (Flyball, 9S) Pete Potter to third Caleb Ruíz to second Runner from 3rd tries for Home, SAFE, throw made home Caleb Ruíz to third Craig Porter to second
|
Batting: RHB Ralph Summers
|
0-0: Called Strike 0-1: Swinging Strike 0-2: Ball 1-2: Strikes out swinging
|
Batting: RHB Kevin Nelson
|
0-0: Fly out, F8 (Line Drive, 8LD)
|
Bottom of the 8th over - 1 run(s), 2 hit(s), 0 error(s), 2 left on base; Creighton 6 - Cincinnati 10 |
TOP OF THE 9TH |
Creighton Blue Jays batting - Pitching for Cincinnati Bearcats : LHP Oscar Trottier
|
Batting: LHB Pedro Oropesa
|
0-0: Ball 1-0: Called Strike 1-1: Ball 2-1: Ball 3-1: Foul Ball, location: 2F 3-2: Foul Ball, location: 2F 3-2: Ground out 5-3 (Groundball, 56)
|
Batting: RHB Ed Lindsey
|
0-0: Ball 1-0: Ball 2-0: Ground out 6-3 (Groundball, 6)
|
Batting: LHB Steve Edwards
|
0-0: Ball 1-0: Foul Ball, location: 2F 1-1: Ball 2-1: Foul Ball, location: 2F 2-2: Ground out 5-3 (Groundball, 5L)
|
Top of the 9th over - 0 run(s), 0 hit(s), 0 error(s), 0 left on base; Creighton 6 - Cincinnati 10 |
|